 Dungeon Crawl Stone Soup version 0.25.0-1-g7eea58d2a3 (webtiles) character file.

Game seed: 1361065563244007505

389 Nixze the Stinger (level 6, 0/39 HPs)
             Began as an Octopode Venom Mage on June 14, 2020.
             Killed by nerve-wracking pain
             ... invoked by an orc priest
              (14 damage)
             ... on level 4 of the Dungeon.
             The game lasted 00:08:51 (4422 turns).

Nixze the Stinger (Octopode Venom Mage)             Turns: 4422, Time: 00:08:52

Health: 0/39       AC:  1    Str:  8    XL:     6   Next: 79%
Magic:  0/11       EV: 13    Int: 19    God:
Gold:   79         SH:  0    Dex: 12    Spells: 2/12 levels left

rFire    . . .     SeeInvis .   (no weapon)
rCold    . . .     Gourm    .   (no shield)
rNeg     . . .     Faith    .   (helmet restricted)
rPois    .         Spirit   .   (no amulet)
rElec    .         Reflect  .   l - ring of resist corrosion
rCorr    +         Harm     .   (no ring)
MR       .....                  (no ring)
Stlth    +++.......             (no ring)
HPRegen  0.13/turn              (no ring)
MPRegen  0.12/turn              (no ring)
                                (no ring)
                                (no ring)

@: no status effects
A: almost no armour, stealthy swim, amphibious, 8 rings, constrict 8, camouflage
1, gelatinous body 1
a: no special abilities


You were on level 4 of the Dungeon.
You were very hungry.

You visited 1 branch of the dungeon, and saw 4 of its levels.

You collected 79 gold pieces.

Inventory:

Hand Weapons
 m - the +10 falchion of Ununus Poa {antimagic, rPois Stlth+}
   (You found it on level 4 of the Dungeon)

   It reduces the magical energy of the wielder, and disrupts the spells and
   magical abilities of those hit.
   Natural abilities and divine invocations are not affected.
   It protects you from poison.
   It makes you more stealthy.
Missiles
 c - 166 stones
 i - 24 poisoned darts (quivered)
Jewellery
 l - a ring of resist corrosion (left tentacle)
Wands
 j - a wand of flame (12)
Scrolls
 a - a scroll of identify
 d - a scroll of fear {unknown}
 f - a scroll of remove curse
 h - a scroll of magic mapping
Potions
 e - 2 potions of invisibility {unknown}
 g - 2 potions of brilliance {unknown}
 k - a potion of mutation {unknown}
 n - a potion of haste {unknown}
 o - a potion of magic {unknown}
 p - a potion of curing {unknown}
 q - a potion of lignification {unknown}
Comestibles
 b - 8 rations


   Skills:
 + Level 2.2 Fighting
 + Level 2.2 Dodging
 + Level 3.1 Stealth
 * Level 3.9 Spellcasting
 - Level 1.0 Transmutations
 * Level 6.7 Poison Magic


You had 2 spell levels left.
You knew the following spells:

 Your Spells              Type           Power        Failure   Level  Hunger
a - Sting                 Tmut/Pois      ###.         2%          1    None
b - Poisonous Vapours     Pois/Air       ###...       5%          2    ##.....
c - Olgreb's Toxic Radia  Pois           ####....     9%          4    ####...
d - Ignite Poison         Fire/Tmut/Pois ##......     14%         3    ###....

Your spell library contained the following spells:

 Spells                   Type           Power        Failure   Level  Hunger
 Mephitic Cloud           Conj/Pois/Air  ##......     17%         3    ###....


Dungeon Overview and Level Annotations

Branches:
Dungeon (4/15)
 Temple: D:4-7

Altars:


Innate Abilities, Weirdness & Mutations

You cannot wear most types of armour.
You are very stealthy in the water. (Stealth+)
You are amphibious.
You can wear up to eight rings at the same time.
You can use your tentacles to constrict eight enemies at once.
Your skin changes colour to match your surroundings (Stealth+).
Your rubbery body absorbs attacks. (AC +1, EV +1)


Message History

Casting: Olgreb's Toxic Radiance (quite dangerous; 9% risk of failure)
Confirm with . or Enter, or press ? or * to list all spells.
Aiming: Poisonous Vapours (safe; 5% risk of failure)
Press: ? - help, Dir - move target cursor, f - orc priest
Aim: an orc priest, wielding a +2 morningstar of draining and wearing a +0 scale mail (lightly wounded, poisoned) Poisonous vapours surround the orc priest!
You tentacle-slap the orc priest. Your grab misses the orc priest.
The orc priest is heavily wounded.
The orc priest closely misses you.
The orc priest shouts!
You barely miss the orc priest. You grab the orc priest.
The orc priest is heavily wounded.
You constrict the orc priest. The orc priest hits you with a +0 mace.
You tentacle-slap the orc priest but do no damage.
You squeeze the orc priest.
The orc priest is almost dead.
You constrict the orc priest, but do no damage.
The orc priest invokes the aid of Beogh against you.
Pain shoots through your body!
You die...

,,,,,*,,,,,,,#......#........'...
,,,,,*,,,,,,,#......#........#...
,,,,,*,,,,,,,#......#........#...
,,,,,##+######......##########>##
****,..........######*,,,,####.##
,,,*,..........#....#,,,,,#.)...#
,,,*,..........#....#,,,,,#.....#
,,,*,.....)....oo...#,,,,,#.....#
,,,*,..........#@...#,,,,,#.....#
,,**,.(........#....+,,,,,#...<.#
,,#######......#....#*,,,,#..####
,,#.....####'########*****#### *
,,#...........# ,,+...........#
,,#...........# ,,###...###..##
,,**#.o.#*####


You could see 2 orc priests.

Vanquished Creatures
  An ogre (D:4)
  A hound (D:4)
  2 orc wizards (D:3)
  An orc priest (D:3)
  A bullfrog skeleton (D:4)
  4 adders
  A worm (D:2)
  3 dart slugs (D:2)
  3 leopard geckos (D:1)
  13 orcs
  7 giant cockroaches
  10 goblins
  10 hobgoblins
  6 jackals
  3 quokkas
  3 ball pythons
  5 bats
  5 frilled lizards
  A jackal skeleton (D:4)
  8 kobolds
  6 rats
94 creatures vanquished.

Notes
Turn   | Place    | Note
-------+----------+-------------------------------------------
     0 | D:1      | Nixze the Octopode Venom Mage began the quest for the Orb.
     0 | D:1      | Reached XP level 1. HP: 11/11 MP: 3/3
     1 | D:1      | Noticed an electric eel
    33 | D:1      | Reached skill level 4 in Poison Magic
    99 | D:1      | Reached XP level 2. HP: 10/17 MP: 1/5
   273 | D:1      | Learned a level 2 spell: Poisonous Vapours
   594 | D:1      | Reached skill level 5 in Poison Magic
   594 | D:1      | Reached XP level 3. HP: 21/21 MP: 2/6
  1794 | D:2      | Reached XP level 4. HP: 27/27 MP: 5/7
  1990 | D:2      | Reached skill level 1 in Fighting
  2420 | D:3      | Reached XP level 5. HP: 23/33 MP: 0/9
  2503 | D:3      | Learned a level 4 spell: Olgreb's Toxic Radiance
  2507 | D:3      | Learned a level 3 spell: Ignite Poison
  2877 | D:3      | Reached skill level 6 in Poison Magic
  3494 | D:3      | Reached XP level 6. HP: 39/39 MP: 8/11
  4021 | D:4      | Got a smoking falchion
  4022 | D:4      | Identified the +10 falchion of Ununus Poa {antimagic, rPois
                  | Stlth+} (You found it on level 4 of the Dungeon)
  4422 | D:4      | Killed from afar by an orc priest

Illustrated notes

Levels and vault maps discovered:
D:1:      arrival_aquarium_a, layout_rooms, kennysheep_minor_cross,
          hangedman_feature_mirror, fountainhead, minmay_misc_feat_square,
          minmay_small_reverse_x
D:2:      layout_loops_ring, first_ration
D:3:      layout_loops_corners, minivault_25, grunt_ministairs_13
D:4:      layout_gridville, minivault_27

Skill      XL: |  1  2  3  4  5  6 |
---------------+-------------------+-----
Poison Magic   | 4 5 6 |  6.7
Fighting       | 1 2 |  2.2
Spellcasting   | 3 |  3.9
Stealth        | 3 |  3.1
Dodging        | |  2.2
Transmutations | |  1.0

Action                   |  1- 3 |  4- 6 || total
-------------------------+-------+-------++-------
Melee: Unarmed           |     9 |     9 ||    18
       Tentacles         |     4 |    11 ||    15
       Constrict         |     5 |    13 ||    18
       Dagger            |    13 |    46 ||    59
       Falchion          |       |     3 ||     3
Throw: Dart              |     2 |     9 ||    11
 Cast: Sting             |    34 |     5 ||    39
       Poisonous Vapours |    19 |    52 ||    71
       Olgreb's Toxic Ra |       |     1 ||     1
  Use: Scroll            |       |     5 ||     5
 Stab: Sleeping          |       |     1 ||     1
  Eat: Chunk             |     4 |    10 ||    14
Armor: Skin              |     6 |     4 ||    10
Dodge: Dodged            |    18 |    39 ||    57
       Rpst.: Falchion   |       |     1 ||     1
